 Dungeon Crawl Stone Soup version 0.29-a0-284-gf9362112df (webtiles) character file.

Game seed: 2304763067118040976

4843 Kizar the Covert (level 10, -3/44 HPs)
             Began as a Spriggan Enchanter on Mar 15, 2022.
             Was a Priest of Dithmenos.
             Slain by a slime creature (20 damage)
             ... on level 10 of the Dungeon.
             The game lasted 00:27:34 (10110 turns).

Kizar the Covert (Spriggan Enchanter)              Turns: 10110, Time: 00:27:34

Health: -3/44      AC:  5    Str:  8    XL:     10   Next: 25%
Magic:  22/26      EV: 25    Int: 17    God:    Dithmenos [***...]
Gold:   195        SH:  0    Dex: 16    Spells: 20/31 levels left

rFire   . . .      SeeInvis +   a - +1 dagger (flame)
rCold   . . .      Faith    .   (no shield)
rNeg    . . .      Spirit   .   s - +0 steam dragon scales
rPois   .          Reflect  .   (helmet restricted)
rElec   .          Harm     .   A - scarf {+Inv}
rCorr   .          Rampage  .   (gloves unavailable)
Will    +....                   (boots unavailable)
Stlth   ++++++++..              (no amulet)
HPRegen 0.14/turn               f - +4 ring of evasion
MPRegen 0.20/turn               g - +4 ring of evasion

@: wreathed by umbra, very quick
A: very small, no large weapons, unfitting armour, see invisible, speed 3
a: Renounce Religion, Evoke Invisibility, Shadow Step


You were on level 10 of the Dungeon.
You worshipped Dithmenos.
Dithmenos was most pleased with you.
You visited 2 branches of the dungeon, and saw 11 of its levels.

You collected 543 gold pieces.
You spent 348 gold pieces at shops.

Inventory:

Hand Weapons
 a - a +1 dagger of flaming (weapon)
 j - a +2 short sword of venom
 u - a +0 dagger of draining
Missiles
 r - 3 throwing nets (quivered)
 v - 13 poisoned darts
Armour
 s - +0 steam dragon scales (worn)
 A - a scarf of invisibility (worn)
Jewellery
 f - a +4 ring of evasion (left hand)
 g - a +4 ring of evasion (right hand)
 p - a +6 ring of intelligence
 w - a +6 ring of intelligence
 y - a +6 ring of strength
Wands
 b - a wand of paralysis (12)
 n - a wand of polymorph (13)
 q - a wand of iceblast (3)
 z - a wand of acid (5)
Scrolls
 h - 2 scrolls of fear
 k - 7 scrolls of teleportation
 t - a scroll of blinking
 x - 3 scrolls of identify
Potions
 c - 2 potions of invisibility
 d - 7 potions of haste
 e - 6 potions of curing
 i - 2 potions of lignification
 l - 2 potions of heal wounds
 m - a potion of might
 o - 4 potions of attraction


   Skills:
 - Level 1.1 Short Blades
 - Level 2.6 Dodging
 + Level 13.4 Stealth
 + Level 11.1 Spellcasting
 + Level 11.3 Hexes


You had 20 spell levels left.
You knew the following spells:

 Your Spells              Type           Power      Damage    Failure   Level
a - Ensorcelled Hibernat  Hex/Ice        56%        N/A       1%          2
b - Tukima's Dance        Hex            47%        N/A       1%          3
c - Dazzling Flash        Conj/Hex       56%        N/A       2%          3
d - Confusing Touch       Hex            47%        N/A       1%          3

Your spell library contained the following spells:

 Spells                   Type           Power      Damage    Failure   Level
 Animate Skeleton         Necr           18%        N/A       8%          1
 Apportation              Tloc           18%        N/A       8%          1
 Pain                     Necr           36%        1d5       8%          1
 Summon Small Mammal      Summ           36%        N/A       8%          1
 Blink                    Tloc           18%        N/A       12%         2
 Ozocubu's Armour         Ice            9%         N/A       22%         3
 Vampiric Draining        Necr           9%         2d6       22%         3
 Animate Dead             Necr           4%         N/A       58%         4
 Alistair's Intoxication  Tmut/Pois      6%         N/A       91%         5
 Manifold Assault         Tloc           9%         N/A       91%         5
 Haunt                    Necr/Summ      4%         N/A       100%        7
 Ozocubu's Refrigeration  Ice            4%         4d5       100%        7
 Storm Form               Tmut/Air       4%         N/A       100%        7
 Infestation              Necr           4%         N/A       100%        8


Dungeon Overview and Level Annotations

Branches:
Dungeon (10/15)            Temple (1/1) D:4            Lair (0/6) D:8
    Orc: D:9-12

Altars:
Ashenzari
Cheibriados
Dithmenos
Elyvilon
Fedhas
Gozag
Hepliaklqana
Kikubaaqudgha
Makhleb
Nemelex Xobeh
Okawaru
Qazlal
Ru
Sif Muna
Trog
Uskayaw
Vehumet
Wu Jian
Xom
Yredelemnul
Zin
The Shining One

Shops:
D:1 [   D:6 :?   D:8 :(!?

Annotations:
D:4 2 transporters, 2 runed translucent doors, stil's ghost, amateur GnHu
D:5 1 runed translucent door
D:6 1 runed translucent door, Dabor's ghost, amateur GrFi
D:9 2 transporters, anet's ghost, journeyman KoHu
D:10 3 runed translucent doors, Dabor's ghost, journeyman GrFi


Innate Abilities, Weirdness & Mutations

You are very small and have problems with some larger weapons.
You are too small for most types of armour.
You have supernaturally acute eyesight. (SInv)
You cover ground extremely quickly. (Speed+++)


Message History

You see here a killer bee corpse.
Found a runed translucent gate.
The orc warrior shouts!
The orc priest shouts!
You hear a shout! x2
The orc shouts! x2; The orc warrior shouts!
You hear a shout!
Found a stone staircase leading up.
The orc shouts!
Found a glowing war axe.
A slime creature comes into view. 4 slime creatures come into view.
Found a stone staircase leading down.
You see here a +0 war axe of flaming.
You see here a +0 plate armour.
Found 13 stones.
The slime creature hits you!
The slime creature quivers. x4
You hit the slime creature. You burn the slime creature.
The slime creature is lightly wounded.
Two slime creatures merge to form a large slime creature.
The slime creature hits you!
Unknown command.
Unknown command.
Unknown command.
Unknown command.
Unknown command.
Dabor's ghost lets out a mournful wail.
Casting: Ensorcelled Hibernation (safe; 1% risk of failure)
Confirm with . or Enter, or press ? or * to list all spells.
Aiming: Ensorcelled Hibernation (safe; 1% risk of failure)
Press: ? - help, Shift-Dir - straight line, f - slime creature
Aim: a slime creature (umbra, chance to affect: 41%)
The slime creature looks drowsy...
Unknown command.
There is a stone staircase leading up here.
Casting: Ensorcelled Hibernation (safe; 1% risk of failure)
Confirm with . or Enter, or press ? or * to list all spells.
Aiming: Ensorcelled Hibernation (safe; 1% risk of failure)
Press: ? - help, Shift-Dir - straight line, f - slime creature
Aim: a slime creature (umbra, chance to affect: 41%)
The slime creature resists with some effort.
The slime creature hits you!!
You die...

# .. #.###.ooo.###.# #. #.
#.o.o#####....# ## #.##.#
#.oWooooo...$.# #. >...#
#######+++####### #. #+#..#
#8.............8# #.
.....####.....J.........# #.
......)........#J#......########.
....#.##...J...#J#......#......†.
....[.##.......#@#.........##.##.
....#..#.......###.......#..#.#..
.........................##.....#
#J...J......................._...
J#....#.........###......##.....#
.####.#.......#.# #.#....#..#.#..
#.##......#.# #.#......##.##.
#.<.......#.###.#............
#.##..#'###.....#.....+......


You could see 2 slime creatures, 3 orc warriors and 2 orcs.

Vanquished Creatures
  An ugly thing (D:10)
  Joseph (D:7)
  A kobold demonologist (D:7)
  Sigmund (D:4)
  A wraith (D:10)
  A wyvern (D:9)
  Eustachio (D:4)
  A steam dragon (D:8)
  2 acid dragons
  A water moccasin (D:7)
  2 sky beasts
  An ice beast (D:7)
  An orc warrior (D:6)
  A black bear (D:6)
  An ogre (D:4)
  3 centaurs
  A kobold brigand (D:9)
  A gnoll sergeant (D:9)
  3 bullfrogs
  A scorpion (D:6)
  A wight (D:10)
  4 killer bees (D:10)
  3 howler monkeys
  A gnoll shaman (D:7)
  5 hounds
  A human zombie (D:5)
  3 jellies
  4 orc priests
  A human skeleton (D:5)
  4 orc wizards
  2 iguanas
  16 gnolls
  9 adders
  A shadow imp (D:7)
  3 ufetubi (D:5)
  2 worms (D:2)
  2 dart slugs
  26 orcs
  4 endoplasms
  A giant cockroach (D:2)
  3 goblins
  10 hobgoblins
  4 jackals (D:5)
  15 kobolds
  3 ball pythons (D:2)
  3 bats
  2 frilled lizards
  3 rats
162 creatures vanquished.

Vanquished Creatures (collateral kills)
  5 wights
  2 orc wizards
  A gnoll (D:7)
  2 orcs
  2 hobgoblins (D:3)
12 creatures vanquished.

Vanquished Creatures (others)
  6 dancing weapons
  5 plants (D:2)
11 creatures vanquished.

Grand Total: 185 creatures vanquished

Notes
Turn   | Place    | Note
-------+----------+-------------------------------------------
     0 | D:1      | Kizar the Spriggan Enchanter began the quest for the Orb.
     0 | D:1      | Reached XP level 1. HP: 9/9 MP: 5/5
   198 | D:1      | Found Jeh Pag's Armour Shoppe.
   288 | D:1      | Reached XP level 2. HP: 13/13 MP: 7/7
   291 | D:1      | Learned a level 2 spell: Ensorcelled Hibernation
   441 | D:2      | Reached XP level 3. HP: 16/16 MP: 6/9
   457 | D:2      | Learned a level 3 spell: Tukima's Dance
   461 | D:2      | Learned a level 3 spell: Confusing Touch
   749 | D:2      | Reached skill level 5 in Hexes
   749 | D:2      | Reached XP level 4. HP: 21/21 MP: 6/11
   754 | D:2      | Learned a level 3 spell: Dazzling Flash
   864 | D:2      | Identified the +5 scimitar of the Poles {antimagic, rF-
                  | rCorr Dex+4}
  1246 | D:2      | Reached XP level 5. HP: 22/24 MP: 13/13
  1390 | D:2      | Found a faded altar of an unknown god.
  1770 | D:3      | Reached skill level 5 in Spellcasting
  2551 | D:4      | Found a transporter.
  2569 | D:4      | Found a transporter.
  2605 | D:4      | Noticed Eustachio
  2620 | D:4      | Killed Eustachio
  2621 | D:4      | Reached skill level 5 in Stealth
  2621 | D:4      | Reached XP level 6. HP: 28/28 MP: 6/15
  2705 | D:4      | Noticed Sigmund
  2711 | D:4      | Killed Sigmund
  2712 | D:4      | Reached skill level 6 in Stealth
  2749 | D:4      | Found a staircase to the Ecumenical Temple.
  2764 | Temple   | Entered the Ecumenical Temple
  2822 | Temple   | Became a worshipper of Dithmenos the Shadowed
  2911 | D:4      | Found a large runed translucent door.
  2911 | D:4      | Found a large runed translucent door.
  2913 | D:4      | Noticed stil's ghost (amateur GnHu)
  2931 | D:4      | Found a hide-covered altar of Uskayaw.
  2965 | D:4      | Reached XP level 7. HP: 32/32 MP: 17/17
  3000 | D:4      | Reached skill level 7 in Stealth
  3669 | D:5      | Entered Level 5 of the Dungeon
  3683 | D:5      | Found a blossoming altar of Fedhas.
  4044 | D:5      | Found a runed translucent door.
  4044 | D:5      | Noticed a human
  4059 | D:5      | Found a basalt altar of Yredelemnul.
  4909 | D:5      | Reached * piety under Dithmenos
  5020 | D:5      | Reached skill level 8 in Stealth
  5341 | D:6      | Reached XP level 8. HP: 36/36 MP: 20/20
  5514 | D:6      | Found a runed translucent door.
  5517 | D:6      | Noticed Dabor's ghost (amateur GrFi)
  5539 | D:6      | Found Uluxoss's Self-Improvement Boutique.
  5624 | D:6      | Found Buemituh's Magic Scroll Shoppe.
  5781 | D:6      | Bought a scroll of identify for 22 gold pieces
  5781 | D:6      | Bought a scroll of blinking for 82 gold pieces
  5781 | D:6      | Bought a scroll of fear for 38 gold pieces
  5791 | D:6      | Found an ornate altar of the Wu Jian Council.
  5791 | D:6      | Found a glowing golden altar of the Shining One.
  5888 | D:6      | Reached skill level 9 in Stealth
  5897 | D:6      | Identified the +2 leather armour of the Cuttlefish {+Inv
                  | rN+ rCorr Str-5}
  6749 | D:7      | Reached skill level 10 in Stealth
  6821 | D:7      | Noticed a kobold demonologist
  6836 | D:7      | Killed a kobold demonologist
  6837 | D:7      | Reached XP level 9. HP: 29/39 MP: 15/23
  6838 | D:7      | Reached ** piety under Dithmenos
  7106 | D:7      | Noticed Joseph
  7126 | D:7      | Killed Joseph
  7127 | D:7      | Reached skill level 11 in Stealth
  7781 | D:8      | Found a white marble altar of Elyvilon.
  7782 | D:8      | Found an iron altar of Okawaru.
  7786 | D:8      | Reached skill level 10 in Hexes
  7878 | D:8      | Found a staircase to the Lair.
  7959 | D:8      | Reached skill level 10 in Spellcasting
  7979 | D:8      | Found Hoeleq's Magic Scroll Shop.
  7993 | D:8      | Reached skill level 12 in Stealth
  8016 | D:8      | Bought a scroll of identify for 26 gold pieces
  8016 | D:8      | Bought a scroll of identify for 26 gold pieces
  8076 | D:8      | Found Ecvamet's Weapon Shoppe.
  8076 | D:8      | Found Teqoico's Distillery.
  8092 | D:8      | Bought a potion of curing for 42 gold pieces
  8092 | D:8      | Bought a potion of curing for 42 gold pieces
  8092 | D:8      | Bought a potion of heal wounds for 70 gold pieces
  8361 | D:8      | Found Zaathrunt's Book Emporium.
  9322 | D:9      | Found a transporter.
  9325 | D:9      | Noticed anet's ghost (journeyman KoHu)
  9326 | D:9      | Noticed a two-headed ogre
  9327 | D:9      | Found a transporter.
  9327 | D:9      | Identified the +4 great mace "Neikha" {protect, Fragile
                  | rElec Dex+4}
  9327 | D:9      | Noticed a two-headed ogre
  9328 | D:9      | Noticed a two-headed ogre
  9337 | D:9      | Noticed a two-headed ogre
  9477 | D:9      | Reached XP level 10. HP: 36/44 MP: 6/25
  9659 | D:10     | Entered Level 10 of the Dungeon
  9709 | D:10     | Reached *** piety under Dithmenos
  9815 | D:10     | Noticed a brown ugly thing
  9826 | D:10     | Killed a brown ugly thing
  9827 | D:10     | Reached skill level 13 in Stealth
  9882 | D:10     | Found a sparkling altar of Nemelex Xobeh.
 10061 | D:10     | Found a runed translucent gate.
 10062 | D:10     | Found a runed translucent gate.
 10065 | D:10     | Found a runed translucent gate.
 10067 | D:10     | Noticed Dabor's ghost (journeyman GrFi)
 10099 | D:10     | Identified the +4 scale mail "Vofoapn" {rF+ rC++ Str+6
                  | Dex-2}
 10110 | D:10     | Slain by a slime creature

Illustrated notes

Levels and vault maps discovered:
D:1:      evilmike_arrival_plus, layout_rooms, serial_shops, shop_fountains,
          amcnicky_mini_pool_small
D:2:      minmay_razor_zed, layout_loops_ring,
          shapermc_ecumenical_altar_mp_ritualfount
D:3:      corexii_shack_village, layout_basic
D:4:      gammafunk_steamed_eel, layout_basic,
          mainiacjoe_overflow_six_doors_small, minmay_temple_entry_waves,
          ebering_ghost_disaster_area, minmay_starry_boxes, uniq_sigmund,
          uniq_eustachio
D:5:      layout_basic, dk_yredelemnul_ordeal, mainiacjoe_overflow_boulevard
D:6:      layout_basic, gammafunk_temple_overflow_wave, serial_shops, shop,
          ebering_ghost_reflecting_pool, nicolae_shop_self_help
D:7:      layout_basic, minmay_misc_feat_roman, uniq_joseph
D:8:      layout_basic, gammafunk_temple_overflow_pools, lair_entry_dummy,
          serial_shops, nicolae_diamond_shop, shop, shop,
          nicolae_shop_bloodbath_and_beyond
D:9:      layout_gridville, gammafunk_ghost_smash
D:10:     layout_basic, mainiacjoe_overflow_small_starburst,
          biasface_ghost_orc_armoury, hangedman_tell_no_tales
Temple:   zaba_magenta_temple

Skill      XL: |  1  2  3  4  5  6  7  8  9 10 |
---------------+-------------------------------+-----
Spellcasting   | 3 4 5 6 7 9 10 11 | 11.1
Hexes          | 4 5 6 7 9 10 11 | 11.3
Stealth        | 5 6 8 10 12 13 | 13.4
Short Blades   | |  1.1
Dodging        | |  2.6

Action                   |  1- 3 |  4- 6 |  7- 9 | 10-12 || total
-------------------------+-------+-------+-------+-------++-------
Melee: Dagger            |    42 |   129 |   246 |    66 ||   483
       Punch             |       |     1 |     4 |       ||     5
 Cast: Ensorcelled Hiber |    10 |    21 |    86 |    12 ||   129
       Tukima's Dance    |       |     3 |    18 |     7 ||    28
       Confusing Touch   |       |     1 |     7 |     2 ||    10
Evoke: Wand              |       |       |     3 |       ||     3
  Use: Scroll            |     1 |     6 |     7 |       ||    14
       Potion            |       |       |     1 |       ||     1
 Stab: Sleeping          |     9 |    21 |    57 |     8 ||    95
       Confused          |       |     2 |     5 |     4 ||    11
       Distracted        |       |     1 |       |     1 ||     2
       Invisible         |       |       |     1 |       ||     1
Armor: Robe              |     6 |     5 |     9 |       ||    20
       Steam dragon scal |       |       |       |     3 ||     3
Dodge: Dodged            |    36 |   119 |   256 |    63 ||   474

Table legend: (Time is in decaauts)
 A = Elapsed time spent in this place.
 B = Non-inter-level travel time spent in this place.
 C = Inter-level travel time spent in this place.
 D = Time resting spent in this place.
 E = Time spent auto-exploring this place.
 F = Levels seen in this place.
 G = Mean time per level.
                   A        B        C        D        E       F      G
               +--------+--------+--------+--------+--------+-----+--------+
         Total |   7555 |   7402 |    153 |    463 |   5567 |  11 |  686.8 |
       Dungeon |   7509 |   7366 |    143 |    463 |   5537 |  10 |  750.9 |
        Temple |     46 |     36 |     10 |      0 |     30 |   1 |   46.0 |
               +--------+--------+--------+--------+--------+-----+--------+

Top non-repeatable levels by time:
     D:5: 1116 daAuts
     D:6: 1088 daAuts
     D:2: 1021 daAuts
     D:7: 915 daAuts
     D:9: 847 daAuts
     D:4: 734 daAuts
     D:3: 623 daAuts
     D:8: 537 daAuts
    D:10: 364 daAuts
     D:1: 261 daAuts
  Temple: 46 daAuts
